[Event "Icelandic Championship 2022"]
[Site "Selfoss"]
[Date "2022.04.21"]
[Round "1.1"]
[White "Stefansson, Hannes"]
[Black "Kjartansson, Gudmundur"]
[Result "1-0"]
[ECO "B51"]
[WhiteElo "2520"]
[BlackElo "2450"]
[Annotator "TA"]
[PlyCount "55"]
[EventDate "2022.04.21"]
[EventType "tourn"]
[EventCountry "ISL"]
[SourceTitle "playchess.com"]
[Source "ChessBase"]
[SourceQuality "1"]
[TimeControl "40/5400+30:1800+30"]

1. e4 c5 2. Nf3 d6 3. Bb5+ Nd7 4. c4 Ngf6 5. Nc3 g6 6. h3 {[%emt 0:01:30] B51: Sicilian: Moscow Variation (3 Bb5+) without 3...Bd7.} Bg7 7. d3 O-O 8. Ba4 {[%emt 0:00:31] The position is equal.} a6 9. Be3 Qc7 10. Qd2 e6 (10... b5 $5 11. cxb5 Qa5 $14) 11. O-O b6 12. Bh6 Bb7 {[%emt 0:02:25] [#]} 13. Bxg7 $5 $146 {[%emt 0:03:50][%mdl 8] New and interesting.} ({Predecessor:} 13. Rae1 Ne5 14. Nxe5 dxe5 15. Bxg7 Kxg7 16. Ne2 Nh5 17. Qc3 Kg8 18. a3 a5 19. Kh2 {½-½ (41) Kollars,D (2598)-Donchenko,A (2659) Magdeburg 2021}) 13... Kxg7 14. Rae1 d5 (14... Nb8 $14) 15. cxd5 ({Better is} 15. e5 $18) 15... exd5 16. e5 {[%emt 0:00:47] &Bianco is more active.} Ng8 {[%emt 0:00:40] [#]} 17. e6 $1 fxe6 (17... d4 $142) 18. Ng5 $18 ({Weaker is} 18. Rxe6 Rf6 19. Ree1 b5 $14) 18... Rae8 19. Nxe6+ Rxe6 20. Rxe6 {[%emt 0:00:12] Black must now prevent Bxd7.} d4 21. Ne4 b5 22. Bb3 Ndf6 (22... Bxe4 $142 23. Rxe4 Ndf6) 23. Nxf6 Nxf6 24. Qe2 {[%emt 0:02:19] [#] Strongly threatening Re7+.} Kh6 $2 (24... Rf7 25. Re1 Nd5 26. Qe5+ Qxe5 27. R1xe5 Rd7) 25. Re7 Qc6 26. Qd2+ g5 27. f4 Nd5 28. Bxd5 {[%emt 0:01:03] Weighted Error Value: White=0.20 (precise) /Black=0.81} 1-0

[Event "Icelandic Championship 2022"]
[Site "Selfoss"]
[Date "2022.04.21"]
[Round "1.2"]
[White "Thorhallsson, Simon"]
[Black "Thorfinnsson, Bragi"]
[Result "1/2-1/2"]
[ECO "A90"]
[WhiteElo "2245"]
[BlackElo "2419"]
[Annotator "TA"]
[PlyCount "75"]
[EventDate "2022.04.21"]
[EventType "tourn"]
[EventCountry "ISL"]
[SourceTitle "playchess.com"]
[Source "ChessBase"]
[SourceQuality "1"]
[TimeControl "40/5400+30:1800+30"]

1. d4 f5 2. c4 Nf6 3. g3 e6 4. Bg2 c6 5. Nf3 d5 6. O-O Bd6 7. b3 Qe7 8. Bb2 b6 9. Qc1 Bb7 {[%emt 0:05:30] A90: Dutch Defence: Miscellaneous and Modern Stonewall (with ...Bd6).} 10. Ba3 Nbd7 11. Bxd6 Qxd6 12. Qa3 (12. Nc3 {seems wilder.} Ne4 13. e3 O-O 14. Rd1) 12... Qxa3 13. Nxa3 a5 {[%emt 0:00:30] [#]} 14. Nb1 $146 ({Predecessor:} 14. Rfc1 Ne4 15. Ne1 Ke7 16. Nd3 Rhc8 17. Rc2 a4 18. b4 c5 19. bxc5 bxc5 20. Nxc5 Ndxc5 21. dxc5 Rxc5 {½-½ (42) Baltag,I (2393)-Sevgi,V (2359) Chess.com INT 2020}) 14... Ne4 15. Rc1 Ke7 16. Nc3 Kd6 17. Nxe4+ fxe4 18. Nd2 g5 19. f3 exf3 20. Bxf3 c5 21. dxc5+ Nxc5 22. Rd1 Ke5 (22... Rhd8 $11) 23. Rac1 h5 24. cxd5 exd5 25. Rc3 g4 {[%emt 0:03:50] The position is equal.} 26. Bg2 Rac8 27. Re3+ Kf5 28. Rf1+ Kg6 29. Re5 Rce8 30. Ref5 Rxe2 31. Rf6+ Kg7 32. Rf7+ Kg8 33. Rf8+ Kg7 34. R1f7+ Kg6 {[%emt 0:00:18] [#] ...Rxf8 is the strong threat.} 35. Rf6+ Kg7 36. R8f7+ Kg8 37. Rf8+ Kg7 38. R8f7+ {[%emt 0:00:41] Weighted Error Value: White=0.09 (flawless) /Black=0.09 (flawless)} 1/2-1/2

[Event "Icelandic Championship 2022"]
[Site "Selfoss"]
[Date "2022.04.21"]
[Round "1.3"]
[White "Gretarsson, Hjorvar Steinn"]
[Black "Thorhallsson, Throstur"]
[Result "1/2-1/2"]
[ECO "B62"]
[WhiteElo "2548"]
[BlackElo "2414"]
[Annotator "TA"]
[PlyCount "128"]
[EventDate "2022.04.21"]
[EventType "tourn"]
[EventCountry "ISL"]
[SourceTitle "playchess.com"]
[Source "ChessBase"]
[SourceQuality "1"]
[TimeControl "40/5400+30:1800+30"]

1. e4 c5 2. Nf3 Nc6 3. d4 cxd4 4. Nxd4 Nf6 5. Nc3 d6 6. Bg5 e6 7. Qd3 a6 {[%emt 0:03:30] 7...Bd7 is the fancy move.} 8. Nxc6 {[%emt 0:01:54] B62: Sicilian: Richter-Rauzer: 6...e6: Unusual White 7th moves.} bxc6 9. O-O-O Be7 10. Qg3 {[%emt 0:02:30] White is slightly better.} e5 11. Bc4 {[%emt 0:20:49] [#]} Be6 $146 (11... h6 $14 12. Bd2 Nh5) ({Predecessor:} 11... h6 12. Bd2 g5 13. h4 g4 14. f4 gxf3 15. gxf3 Rg8 16. Qf2 Bf8 17. Be3 Be6 {1-0 (37) Sarana,A (2655)-Vovk,A (2618) Douglas 2019}) 12. Bxe6 $16 fxe6 13. Qh3 {[%emt 0:00:51] Prevents Nh5.} Kf7 14. f4 (14. Kb1 $16) 14... exf4 (14... h6 $1 $14 15. Bxf6 Bxf6) 15. Bxf4 Qc7 16. Rhf1 h6 17. Rd3 (17. e5 $142 dxe5 18. Bg3) 17... e5 18. Bd2 Qc8 19. g4 Rf8 20. Rf5 $36 {[%emt 0:06:31][%mdl 2048] Black is under strong pressure. &Bianco is more active.} Qe6 {[%emt 0:03:07] [#]} 21. Bxh6 $1 gxh6 22. g5 {[%emt 0:01:14][%mdl 64] Pin} (22. Qxh6 Rh8 23. Qd2 Ke8 $17) 22... Ke8 23. Qxh6 {[%emt 0:04:58][%mdl 64] Threatens to win with Rdf3. Pin} (23. gxf6 Rxf6 24. Kb1 Kd7 $16) (23. Rxf6 Qxh3 24. Rxf8+ Kxf8 $15) 23... Kd7 {[%emt 0:00:11] Strongly threatening ...Rh8.} 24. gxf6 Rxf6 25. Rxf6 ({Inferior is} 25. Qh7 Rh6 26. Na4 Rg8 27. Nc5+ Kc8 $11) 25... Qxf6 26. Qh3+ Kc7 {[%emt 0:02:52] [#]} 27. Kb1 $1 Rf8 {[%emt 0:01:12] [#]} 28. Rd1 {[%emt 0:02:28] Prevents Qf1.} (28. Nd1 $1 $16) 28... Qf3 $1 $11 {[%emt 0:00:58] Against Qe3} 29. Qh6 Qf4 30. Qg7 Qf7 31. Qg4 Qf3 32. Qg1 Qf2 {[%emt 0:00:10] Against Qa7+} 33. a4 Qxg1 34. Rxg1 {[%emt 0:00:05][%mdl 4096] Endgame KRB-KRN} Rf2 35. h3 a5 36. Rg3 Kd7 37. Rg8 Bd8 38. Kc1 Rh2 39. Rh8 Rh1+ 40. Kd2 Bg5+ 41. Kd3 Rh2 42. h4 Rd2+ 43. Kc4 Bf6 44. Rh7+ Ke6 45. Rc7 d5+ 46. Kb3 $1 (46. Kc5 Be7+ 47. Kxc6 d4 $17) 46... Kd6 47. Rh7 d4 48. Nb1 ({Don't play} 48. Rh6 Ke6 49. Nb1 Re2 $17) 48... Re2 49. Na3 ({Much worse is} 49. Rh6 Ke6 50. h5 Rxe4 $17) 49... Re3+ 50. c3 {[%emt 0:00:00] Hoping for Nc4+.} Rxe4 {[%emt 0:00:00] ...d3 is the strong threat.} 51. Nc4+ Ke6 {[%emt 0:00:00] aiming for ...d3.} 52. Rc7 Rxh4 53. Rxc6+ Ke7 54. cxd4 exd4 55. Nxa5 d3 {[%emt 0:00:00] Inhibits Rc2.} 56. Rc1 Bxb2 57. Rd1 Bd4 58. Rxd3 Bc5 59. Nc6+ Ke6 60. a5 Re4 61. a6 (61. Rd1 $14) 61... Re3 {[%emt 0:00:44] The position is equal.} 62. Rxe3+ Bxe3 63. Kc4 {[%emt 0:00:05] Nd4+ would kill now.} Kd6 64. Kb5 Kc7 {[%emt 0:00:06] Blacks defense is rewarded with a draw.  Weighted Error Value: White=0.08 (flawless) /Black=0.09 (flawless)} 1/2-1/2

[Event "Icelandic Championship 2022"]
[Site "Selfoss"]
[Date "2022.04.21"]
[Round "1.4"]
[White "Mai, Alexander Oliver"]
[Black "Heimisson, Hilmir Freyr"]
[Result "0-1"]
[ECO "C48"]
[WhiteElo "2207"]
[BlackElo "2312"]
[Annotator "TA"]
[PlyCount "98"]
[EventDate "2022.04.21"]
[EventType "tourn"]
[EventCountry "ISL"]
[SourceTitle "playchess.com"]
[Source "ChessBase"]
[SourceQuality "1"]
[TimeControl "40/5400+30:1800+30"]

1. e4 e5 2. Nf3 Nf6 3. Nc3 Nc6 4. Bb5 Bd6 5. d3 O-O 6. a3 {[%emt 0:03:38] C48: Four Knights: 4 Bb5, replies other than 4...Bb4.} Bc5 7. Bg5 a6 {[%emt 0:20:47] [#]} 8. Ba4 $146 {[%emt 0:02:22] The position is equal.} ({Predecessor:} 8. Bxc6 bxc6 9. Nxe5 d5 10. exd5 cxd5 11. O-O Qd6 12. Bf4 d4 13. b4 dxc3 14. Qf3 {½-½ (43) Dos Santos Bezerra,B-Mafra,G Recife 2018}) 8... h6 9. Bh4 d6 10. Nd5 (10. Qd2 $11) 10... g5 $15 11. Nxg5 Nxd5 $19 (11... hxg5 12. Bxg5 Bxf2+ 13. Kxf2 (13. Kf1 $2 Nxd5 14. Bxd8 Ne3+ 15. Kxf2 Nxd1+ 16. Raxd1 Nxd8 $19) 13... Nxe4+ 14. dxe4 $14) 12. Qh5 Qf6 {[%emt 0:03:14] And now ...Nf4 would win.} ({Avoid the trap} 12... hxg5 $2 13. Bxg5 Nf6 14. Qh4 $19) 13. Nh7 $2 (13. exd5 hxg5 14. Qxg5+ Qxg5 15. Bxg5) 13... Qg7 14. exd5 Kxh7 15. h3 {[%emt 0:09:14] [#] Prevents Bg4.} b5 $1 16. dxc6 (16. Bxb5 Qxg2) 16... bxa4 ({Worse is} 16... Qxg2 17. O-O-O $17) 17. O-O-O Qg6 18. Qe2 Rb8 ({Not} 18... Qxg2 $2 19. d4 Bxd4 20. Rhg1 Bxb2+ 21. Kxb2 Rb8+ 22. Kc1 Qxh3 23. Qd3+ Qxd3 24. Rxd3 $19) 19. Rhf1 Qe6 20. Qe4+ Qf5 21. Qxa4 (21. Rde1 $142) 21... Bd4 22. f4 Be3+ 23. Kb1 exf4 24. g3 Qb5 25. Qxb5 axb5 26. gxf4 Bxh3 27. Rh1 Bg4 28. Rdf1 f5 29. Bg5 h5 30. Re1 Rfe8 31. c3 Bd2 32. Rxe8 Rxe8 33. Kc2 Re2 34. Kb3 Be3 {[%emt 0:00:21] Hoping for ...Bf3.} 35. Rb1 Bf3 36. Bd8 Bb6 37. c4 Bxc6 38. cxb5 Bxb5 39. Kc3 Re8 40. Bg5 Re3 41. Rd1 d5 {[%emt 0:31:03] ...d4+ is the strong threat.} 42. Bf6 c5 43. Kc2 c4 {[%emt 0:00:00] White must now prevent ...Ba4+.} 44. Rg1 cxd3+ 45. Kc1 d2+ 46. Kd1 Re2 47. Rg7+ Kh6 {[%emt 0:00:00] Black mates.} 48. b3 Be3 49. Kc2 {[%emt 0:00:00] [#]} Bd3+ $1 {[%emt 0:00:00] Black took control after the opening.  Weighted Error Value: White=0.56/Black=0.18 (very precise)} 0-1

[Event "Icelandic Championship 2022"]
[Site "Selfoss"]
[Date "2022.04.21"]
[Round "1.5"]
[White "Steingrimsson, Hedinn"]
[Black "Stefansson, Vignir Vatnar"]
[Result "1-0"]
[ECO "D35"]
[WhiteElo "2535"]
[BlackElo "2484"]
[Annotator "TA"]
[PlyCount "81"]
[EventDate "2022.04.21"]
[EventType "tourn"]
[EventCountry "ISL"]
[SourceTitle "playchess.com"]
[Source "ChessBase"]
[SourceQuality "1"]
[TimeControl "40/5400+30:1800+30"]

1. d4 Nf6 2. c4 e6 3. Nc3 d5 4. cxd5 Nxd5 5. e4 Nxc3 6. bxc3 c5 7. Rb1 Be7 {[%emt 0:01:04] D35: Queen's Gambit Declined: Exchange Variation.} 8. Nf3 O-O 9. Bc4 Qc7 {[%emt 0:00:31] The position is equal. 9...a6 gains popularity.} 10. Qe2 a6 11. O-O b5 12. Bd3 Nd7 {[%emt 0:00:15] [#]} 13. e5 $1 $146 {[%emt 0:15:34][%mdl 8] An important novelty.} (13. a4 $5) ({Predecessor:} 13. a4 bxa4 14. d5 exd5 15. exd5 Nf6 16. c4 Bg4 17. h3 Bh5 18. Ra1 Bd6 19. g4 {1-0 (58) Xiong,J (2709)-Wei,Y (2732) Chess.com INT 2020}) 13... Bb7 14. Ng5 h6 15. Ne4 cxd4 16. cxd4 f5 {[%emt 0:12:04] [#] White must now prevent ...Qc6.} 17. exf6 $1 Nxf6 18. Re1 Bd5 19. Bd2 Nxe4 20. Bxe4 Bd6 21. Rbc1 Qf7 ({Don't do} 21... Bxh2+ 22. Kh1 Qb8 23. Bxd5 (23. g3 Bxg3 24. fxg3 Qxg3 $16) 23... exd5 24. g3 Bxg3 25. fxg3 Qxg3 26. Qh5 $16) 22. Bxd5 exd5 23. Rc6 Rfe8 24. Be3 Bf4 $40 {[%emt 0:05:35][%mdl 128] Black is up to no good.} 25. Qf3 Re4 26. g3 Qd7 {[%emt 0:02:02] [#] Threatens to win with ...Bxe3.} 27. Rc3 (27. Rg6 $5 Bxe3 28. fxe3 $15) 27... Bg5 28. Rd1 Rf8 29. Qe2 b4 30. Rb3 a5 31. h4 ({White should try} 31. a3 $15) 31... Be7 $17 32. Kg2 a4 33. Rbb1 Bd6 34. Rbc1 Qf5 35. Rc6 Rf6 ({Black should play} 35... Re6 36. Re1 Qe4+ 37. Kg1 b3 38. axb3 axb3) 36. Rdc1 (36. h5 $17) 36... Kh7 $2 (36... Rg4 $19 {Hoping for ...Qe4+.} 37. Rc8+ Kh7) 37. Rb6 $1 $11 Rxh4 $2 38. gxh4 $18 {[%emt 0:00:38] White is clearly winning.} Qe4+ 39. f3 Rg6+ 40. Kf1 Qxh4 (40... Qf5 $142 41. Rcc6 b3) 41. Qd3 {[%emt 0:08:16] White used his chance.  Weighted Error Value: White=0.17 (very precise) /Black=0.34} 1-0

[Event "Icelandic Championship 2022"]
[Site "Selfoss"]
[Date "2022.04.22"]
[Round "2.1"]
[White "Heimisson, Hilmir Freyr"]
[Black "Steingrimsson, Hedinn"]
[Result "1/2-1/2"]
[ECO "B70"]
[WhiteElo "2321"]
[BlackElo "2538"]
[Annotator "TA"]
[PlyCount "95"]
[EventDate "2022.04.21"]
[EventType "tourn"]
[EventCountry "ISL"]
[SourceTitle "playchess.com"]
[Source "ChessBase"]
[SourceQuality "1"]
[TimeControl "40/5400+30:1800+30"]

1. e4 c5 2. Nc3 d6 3. Nge2 Nf6 4. g3 Nc6 5. Bg2 g6 6. d4 cxd4 7. Nxd4 Nxd4 8. Qxd4 Bg7 9. O-O O-O 10. Qc4 {[%emt 0:00:06] B70: Sicilian Dragon: 6 g3 and 6 Be2 (without a later Be3).} Nd7 {[%emt 0:24:01] [#]} 11. a4 $146 ({Predecessor:} 11. Nd5 Ne5 12. Qb3 Nc6 13. Bg5 h6 14. Be3 b6 15. c4 Bb7 16. Rfd1 Rc8 17. Rac1 e6 {½-½ (39) Tiviakov,S (2675)-Esen,B (2575) Konya 2012}) 11... Ne5 12. Qb3 Nc6 13. Nd5 e6 14. Ne3 b6 15. Rd1 Qc7 16. Qa3 Rd8 17. Bd2 Bb7 18. Bc3 e5 19. Nd5 (19. Bd2 $14) 19... Qd7 $11 20. a5 Nd4 $1 21. Bxd4 ({Don't go for} 21. axb6 $2 axb6 22. Qb4 Rxa1 23. Rxa1 Nxc2 $19) 21... exd4 22. axb6 axb6 23. Qb3 Bxd5 24. exd5 Qc7 25. Bf1 Ra5 26. Bb5 Rda8 27. Rab1 Bf6 28. Bc6 Rb8 29. Re1 Kg7 30. Re4 b5 31. Rbe1 b4 32. Kg2 Rc5 33. R1e2 h6 34. h4 h5 35. Qd3 b3 36. cxb3 Qb6 37. Rf4 {[%emt 0:04:44][%cal Of4f6] [#] Hoping for Rxf6!} Qxb3 38. Qe4 {[%emt 0:00:19][%cal Of4f6] Strongly threatening Rxf6!} d3 (38... Be5 $5 39. Rf3 Qd1 $15) 39. Rxf6 {[%emt 0:01:58] The position is equal.} dxe2 40. Rxf7+ {[%emt 0:00:36][%mdl 64] [#] Decoy} Kxf7 41. Qe6+ $1 Kg7 42. Qe7+ Kg8 43. Qe6+ $1 Kh7 44. Qe7+ Kh8 45. Qf6+ Kh7 46. Qe7+ Kg8 47. Qe6+ $1 Kh7 {[%emt 0:00:03] ( -> ...Rf8)} 48. Qe7+ $1 {[%emt 0:00:09] Weighted Error Value: White=0.04 (flawless) /Black=0.05 (flawless)} 1/2-1/2

[Event "Icelandic Championship 2022"]
[Site "Selfoss"]
[Date "2022.04.22"]
[Round "2.2"]
[White "Kjartansson, Gudmundur"]
[Black "Stefansson, Vignir Vatnar"]
[Result "1-0"]
[ECO "A13"]
[WhiteElo "2430"]
[BlackElo "2501"]
[Annotator "TA"]
[PlyCount "133"]
[EventDate "2022.04.21"]
[EventType "tourn"]
[EventCountry "ISL"]
[SourceTitle "playchess.com"]
[Source "ChessBase"]
[SourceQuality "1"]
[TimeControl "40/5400+30:1800+30"]

1. c4 e6 2. g3 d5 3. Bg2 g6 4. d4 Bg7 5. e3 Ne7 6. Ne2 {[%emt 0:02:22] A13: English Opening: 1...e6.} O-O 7. O-O a5 8. b3 {[%emt 0:07:13] [#] The position is equal.} a4 $146 ({Predecessor:} 8... c6 9. Bb2 Nd7 10. Qc2 b6 11. Rd1 Ba6 12. Nd2 b5 13. Nf4 Rc8 14. Rac1 Nf5 {0-1 (41) Gunnarsson,A (2448)-Miroshnichenko,E (2677) Reykjavik 2010}) 9. Ba3 Nbc6 (9... c6 $14) 10. Nbc3 ({Don't do} 10. bxa4 Re8 $14) 10... dxc4 11. bxc4 Na5 12. Qxa4 Bd7 13. Nb5 {[%emt 0:02:53] &Bianco is more active.} Nxc4 {[%emt 0:05:46][%mdl 64] [#] Remove Defender} 14. Qxc4 Bxb5 {[%emt 0:00:12][%mdl 64] Remove Defender} 15. Qxb5 Rxa3 16. Qxb7 c5 17. Rad1 cxd4 18. Nxd4 Nd5 19. Bxd5 Qxd5 20. Qxd5 exd5 21. Nc6 Rxa2 22. Rxd5 h5 23. Rb1 Bf6 24. Rd6 Kg7 25. Rb6 h4 26. Kg2 {[%emt 0:05:45][%cal Od6f6] Black must now prevent Rxf6!} h3+ 27. Kf3 ({Don't play} 27. Kxh3 $6 Rxf2 28. Rb8 Rxb8 29. Nxb8 Re2 $11) 27... Bc3 28. Rd1 {[%emt 0:00:54] Prevents Be1.} Rc8 29. Nb4 Ra4 30. Nd5 Be5 31. Nf4 g5 32. Nh5+ Kf8 33. g4 Bxh2 34. Rh1 Be5 35. Rxh3 Rcc4 {[%emt 0:00:11] [#]} 36. Rb5 $1 f5 37. Rh1 $18 fxg4+ 38. Kg2 Bc7 39. Rxg5 {[%emt 0:01:16] Nf6 is the strong threat.} Rc2 (39... Ra5 $142 40. Rxa5 Bxa5) 40. Rh4 $2 (40. Rf5+ $18 Ke7 41. Ng3) 40... Rxf2+ $1 $11 {[%emt 0:01:33][%mdl 64] Remove Defender, Decoy} 41. Kxf2 g3+ {[%emt 0:00:06][%mdl 64] Discovered Attack} 42. Nxg3 Rxh4 {[%emt 0:00:06][%mdl 4096] Endgame KRB-KRN} 43. Nf5 Rh2+ 44. Kf3 Bd8 45. Rg6 Kf7 46. Ra6 Bf6 47. Ke4 Rh8 48. Kd5 Rd8+ 49. Nd6+ Ke7 50. e4 Rd7 51. e5 Bxe5 $1 52. Kxe5 {[%emt 0:00:02] KRN-KR. Mate.} Rc7 53. Nf5+ Kd7 54. Kd5 Rb7 55. Nd6 Rc7 56. Nb5 Rb7 57. Nd6 Rc7 58. Nc4 Ke8 59. Ne5 Kf8 60. Ke6 Rc1 61. Ra7 Re1 62. Rh7 Kg8 63. Rh3 Rf1 64. Rg3+ Kh7 65. Nf7 Rf6+ 66. Ke7 Re6+ 67. Kxe6 {[%emt 0:01:26][%mdl 32768] Quite a comeback for Black.  Weighted Error Value: White=0.09 (flawless) /Black=0.10 (very precise) . Sensor Board Error (Ke4/e5)?} 1-0

[Event "Icelandic Championship 2022"]
[Site "Selfoss"]
[Date "2022.04.22"]
[Round "2.3"]
[White "Thorhallsson, Throstur"]
[Black "Mai, Alexander Oliver"]
[Result "1/2-1/2"]
[ECO "C54"]
[WhiteElo "2422"]
[BlackElo "2177"]
[Annotator "TA"]
[PlyCount "70"]
[EventDate "2022.04.21"]
[EventType "tourn"]
[EventCountry "ISL"]
[SourceTitle "playchess.com"]
[Source "ChessBase"]
[SourceQuality "1"]
[TimeControl "40/5400+30:1800+30"]

1. e4 e5 2. Nf3 Nc6 3. Bc4 Nf6 4. d3 Bc5 5. c3 a6 6. O-O d6 7. Bb3 Ba7 8. Re1 O-O 9. h3 h6 {[%emt 0:00:30] C54: Giuoco Piano: 4 c3 Nf6, main lines with 5 d4 and 5 d3.} 10. Be3 Bxe3 11. Rxe3 Re8 12. Nbd2 {[%emt 0:03:11][%cal Bb1d2,Bd2f1,Bf1g3][%mdl 32] [#]} Be6 $146 ({Predecessor:} 12... d5 13. Re1 dxe4 14. Nxe4 Nxe4 15. dxe4 Be6 16. Qxd8 Raxd8 17. Rad1 Bxb3 18. axb3 f6 {½-½ (31) Andriasian,Z (2604)-Petrosian,T (2659) Fujairah 2012}) 13. d4 {[%emt 0:03:53] [#] Threatens to win with d5.} Bxb3 14. Qxb3 Rb8 15. Rae1 Nd7 16. Nf1 Nf8 17. Ng3 g6 18. h4 Kg7 19. h5 Qe7 20. Rd1 Red8 21. Qc4 {[%emt 0:09:09] &Bianco is more active.} Nh7 22. b4 exd4 (22... Ra8 $16) 23. cxd4 $18 d5 (23... Nf6 $16) 24. exd5 Qxb4 25. Qc5 {[%emt 0:05:15] [#]} (25. Qc2 $18 Rxd5 26. hxg6 fxg6 27. Re6) 25... Qxc5 $11 {[%emt 0:03:06] The position is equal.} 26. dxc5 Nf6 27. d6 cxd6 28. cxd6 Rd7 29. hxg6 fxg6 30. Nd4 Nxd4 31. Rxd4 Rbd8 32. f3 Kf7 33. Red3 Ke6 34. Re3+ Kf7 35. Red3 Ke6 {[%emt 0:00:08] Weighted Error Value: White=0.26 (precise) /Black=0.13 (very precise)} 1/2-1/2

[Event "Icelandic Championship 2022"]
[Site "Selfoss"]
[Date "2022.04.22"]
[Round "2.4"]
[White "Stefansson, Hannes"]
[Black "Thorhallsson, Simon"]
[Result "1-0"]
[ECO "D41"]
[WhiteElo "2525"]
[BlackElo "2252"]
[Annotator "TA"]
[PlyCount "47"]
[EventDate "2022.04.21"]
[EventType "tourn"]
[EventCountry "ISL"]
[SourceTitle "playchess.com"]
[Source "ChessBase"]
[SourceQuality "1"]
[TimeControl "40/5400+30:1800+30"]

1. d4 Nf6 2. c4 e6 3. Nf3 d5 4. Nc3 c5 5. cxd5 Nxd5 6. e4 Nxc3 7. bxc3 cxd4 8. cxd4 Bb4+ 9. Bd2 Bxd2+ 10. Qxd2 O-O 11. Rd1 {[%emt 0:02:51] D41: Queen's Gambit Declined: Semi-Tarrasch with 5 cxd5.} Bd7 12. Bd3 Ba4 13. Rb1 {[%emt 0:13:21] [#] The position is equal.} Bc6 $146 (13... Nc6 $11) ({Predecessor:} 13... Nc6 14. d5 exd5 15. exd5 Re8+ 16. Be2 Ne7 17. Rb4 b5 18. Rd4 Rc8 19. O-O Nf5 {1-0 (38) Siebrecht,S (2457)-Krudde,F (2317) Netherlands 2006}) 14. O-O $14 Nd7 (14... b6 $14) 15. d5 $1 $16 {[%emt 0:02:39][%cal Bd4d5,Bd5c6,Bc6b7][%mdl 32] &Bianco is more active.} Nc5 $2 {[%emt 0:17:23][%mdl 8192] [#]} (15... exd5 $16 16. exd5 Bxd5) 16. dxc6 $18 Qxd3 17. Qxd3 Nxd3 18. cxb7 Rab8 {[%emt 0:01:32] [#]} 19. Nd4 $1 {[%emt 0:03:32] Hoping for Nc6.} Nc5 20. Rb5 Nxe4 $2 (20... Rxb7 21. Rxc5 Rb4) 21. Nc6 {[%emt 0:00:28][%csl LRa7,LRb8] White is clearly winning.} Nd6 22. Nxb8 Rxb8 23. Rb3 ({Not} 23. Rfb1 Nxb5 24. Rxb5 Kf8 $11) 23... g6 24. Rd1 {[%emt 0:03:28] White took control after the opening.  Weighted Error Value: White=0.04 (flawless) /Black=0.72} 1-0

[Event "Icelandic Championship 2022"]
[Site "Selfoss"]
[Date "2022.04.22"]
[Round "2.5"]
[White "Thorfinnsson, Bragi"]
[Black "Gretarsson, Hjorvar Steinn"]
[Result "1/2-1/2"]
[ECO "C02"]
[WhiteElo "2419"]
[BlackElo "2542"]
[Annotator "TA"]
[PlyCount "130"]
[EventDate "2022.04.21"]
[EventType "tourn"]
[EventCountry "ISL"]
[SourceTitle "playchess.com"]
[Source "ChessBase"]
[SourceQuality "1"]
[TimeControl "40/5400+30:1800+30"]

1. e4 e6 2. d4 d5 3. e5 c5 4. c3 Nc6 5. Nf3 Bd7 6. Be2 Nge7 7. O-O Nf5 8. Na3 cxd4 9. cxd4 Qb6 10. Nc2 Na5 11. g4 {[%emt 0:08:15] C02: French: Advance Variation.} Ne7 12. Nfe1 h5 {[%emt 0:03:00] [#]} 13. h3 $146 (13. gxh5 $11 {keeps the balance.} Nac6 14. Bd3) ({Predecessor:} 13. gxh5 Bb5 14. Bxb5+ Qxb5 15. Ne3 Nac6 16. b3 g6 17. Ng4 O-O-O 18. h6 Nf5 19. Bg5 Rd7 20. Nf6 Rc7 21. Ne8 Rd7 22. Nf6 Rc7 23. Ne8 {½-½ (23) Shirov,A (2713)-Del Rio de Angelis,S (2502) Caleta 2005}) 13... hxg4 $17 14. hxg4 f6 15. Nd3 (15. Nf3 $15) 15... Ng6 16. Nf4 Nxf4 17. Bxf4 Bb5 {[%emt 0:07:47] Prevents Qd3.} ({Black should try} 17... O-O-O $15) 18. Bxb5+ Qxb5 19. exf6 gxf6 20. Re1 Kd7 21. b4 Nc4 (21... Bxb4 $2 22. Rb1 Nc6 23. Nxb4 Nxb4 24. a3 $18) 22. a4 $132 {[%emt 0:02:06][%mdl 2048] White has counterplay. The board is on fire.} Qb6 {[%emt 0:02:53] [#] And now ...Bd6 would win.} 23. Qf3 Bd6 {[%emt 0:01:57] White must now prevent ...Rag8.} (23... Bxb4 24. Nxb4 Qxb4 25. Rab1 (25. Qe2 Qe7 $15) 25... Qxe1+ 26. Rxe1 $18) 24. Kg2 $1 Bxf4 (24... Bxb4 $2 25. Nxb4 Qxb4 26. Rab1 (26. Qe2 Qe7 $11) 26... Qxb1 27. Rxb1 $18) 25. Qxf4 Qd6 26. Qxd6+ Kxd6 27. Rh1 $1 Rhg8 28. Kf3 Rh8 29. Ne3 Nd2+ 30. Kg2 {[%emt 0:00:48] The position is equal.} Nb3 (30... a6 {is more complex.} 31. a5 Nc4 32. Kf3 Rag8) 31. Rxh8 Rxh8 $11 {[%emt 0:00:02][%mdl 4096] Endgame KRN-KRN} 32. Rd1 Rc8 33. Rd3 Nc1 34. Rd2 Rc3 {[%emt 0:01:52] aiming for ...Rb3.} 35. Rc2 Rxc2 36. Nxc2 {[%emt 0:00:03] KN-KN} Nd3 37. Kf3 e5 38. Ke2 Nf4+ 39. Ke3 Ne6 40. f3 Ke7 41. dxe5 fxe5 42. Ne1 Nf4 43. Nc2 Ne6 44. Ne1 Nf4 45. Nc2 Kd6 46. Nd4 Kd7 47. Nf5 Ne6 48. Kd3 b6 49. a5 bxa5 50. bxa5 Kc6 51. Ne7+ Kc5 52. a6 Kd6 53. Nc8+ Kd7 54. Nxa7 Nc5+ 55. Ke3 d4+ 56. Ke2 Nxa6 57. Nb5 Kc6 58. Na3 Nc7 59. Nc4 Kd5 60. Nb2 Ke6 61. Nd3 Kf6 62. Nf2 Nd5 63. Ne4+ Ke6 64. Ng5+ Kf6 65. Ne4+ Ke6 {[%emt 0:00:19] Weighted Error Value: White=0.06 (flawless) /Black=0.07 (flawless)} 1/2-1/2